 Dungeon Crawl Stone Soup version 0.27-a0-416-gca2cecf3c0 (webtiles) character file.

Game seed: 2061436535035879856

0 dickylongcocking the Sneak (level 1, -8/16 HPs)
             Began as a Barachi Delver on Feb 25, 2021.
             Was an Initiate of Hepliaklqana.
             Killed by divine providence
             ... invoked by an orc priest
              (12 damage)
             ... on level 5 of the Dungeon.
             The game lasted 00:01:22 (313 turns).

dickylongcocking the Sneak (Barachi Delver)          Turns: 313, Time: 00:01:22

Health: -8/16      AC:  3    Str: 13    XL:     1   Next: 0%
Magic:  1/1        EV: 12    Int: 10    God:    Hepliaklqana [......]
Gold:   0          SH:  0    Dex: 13    Spells: 0/0 levels left

rFire    . . .     SeeInvis .   a - +0 falchion
rCold    . . .     Faith    .   (no shield)
rNeg     . . .     Spirit   .   b - +0 leather armour
rPois    .         Reflect  .   (no helmet)
rElec    .         Harm     .   (no cloak)
rCorr    .         Rampage  .   (no gloves)
Will     .....                  (no boots)
Stlth    ++........             (no amulet)
HPRegen  0.05/turn              (no ring)
MPRegen  0.07/turn              (no ring)

@: can't hop, hasted, very quick
A: +LOS, swims, reduced essence, slowness 1, strong legs 1
a: Hop, Renounce Religion, Recall Ancestor, Ancestor Identity


You were on level 5 of the Dungeon.
You worshipped Hepliaklqana.
Hepliaklqana was noncommittal.
You visited 2 branches of the dungeon, and saw 2 of its levels.

Inventory:

Hand Weapons
 a - a +0 falchion (weapon)
Armour
 b - a +0 leather armour (worn)
Wands
 g - a wand of digging (3)


   Skills:
 + Level 3.6 Fighting
 + Level 2.4 Long Blades
 + Level 2.1 Dodging
 + Level 4.5 Stealth


You couldn't memorise any spells.
You didn't know any spells.
Your spell library was empty.

Dungeon Overview and Level Annotations

Branches:
Dungeon (5/15)             Temple (1/1) D:5

Altars:
Ashenzari
Cheibriados
Gozag
Hepliaklqana
Makhleb
Okawaru
Qazlal
Ru
Sif Muna
Uskayaw
Vehumet
Xom
Yredelemnul
Zin


Innate Abilities, Weirdness & Mutations

You can be seen from farther away. (+LOS)
You can swim through water.
You cover ground slowly.
You can hop short distances.
Your life essence is reduced to manifest your ancestor. (-10% HP)


Message History

The orc barely misses you.
The orc priest invokes the aid of Beogh against you.
Beogh smites you!
Ouch! That really hurt!
* * * LOW HITPOINT WARNING * * *
The orc barely misses you.
You riposte.
You hit the orc but do no damage.
Unknown command.
Okay, then.
There's nothing to close nearby.
Unknown command.
Unknown command.
Hop to where?
Press: ? - help, Dir - move target Boing!
The orc hits you but does no damage.
Unknown command.
Okay, then.
As you read the scroll of fog, it crumbles to dust.
The scroll dissolves into smoke.
The orc priest casts a cantrip, but nothing happens.
Arsinoe barely misses the orc.
The orc hits you but does no damage. The orc closely misses you.
Unknown command.
Unknown command.
Unknown command.
The orc closely misses you.
You don't have enough magic capacity.
Unknown command.
Arsinoe has departed this plane of existence.
You aren't carrying any scrolls.
Unknown command.
You feel yourself speed up.
Unknown command.
Found 14 gold pieces.
Found 5 gold pieces.
An ice beast comes into view.
Found 5 poisoned darts.
The orc priest invokes the aid of Beogh against you.
Beogh smites you!
Ouch! That really hurt!
You die...

..* ##..............(,,,,,,*
..###............$.#********
......#*#.......#*** .##..#*
*##.....# .....#####.....##
.#.#...........#
....######.o.o.## #§#§##
##.##o.## §§§§.### #.###.@#*
§§R#...#**#.# ##..#*
..§§.#...##.# ##..#*
.>.⌠...#..#.# *#$.#*
.....#....#.# *##.#*******
.o.#....#..** *#..,,,,,**
.....##...** *#..****,*
#.#.##**.#* *### ***
....#**,*# **********


You could see an orc priest and 2 orcs.

Vanquished Creatures (others)
  An ancestor (D:5)
1 creature vanquished.

Notes
Turn   | Place    | Note
-------+----------+-------------------------------------------
     0 | D:5      | dickylongcocking the Barachi Delver began the quest for the
                  | Orb.
     0 | D:5      | Reached XP level 1. HP: 18/18 MP: 1/1
     3 | D:5      | Found a staircase to the Ecumenical Temple.
     6 | D:5      | Noticed an orc priest
    14 | Temple   | Entered the Ecumenical Temple
   246 | Temple   | Became a worshipper of Hepliaklqana the Forgotten
   307 | D:5      | Noticed an ice beast
   313 | D:5      | Killed from afar by an orc priest

Illustrated notes

Levels and vault maps discovered:
D:5:      layout_layer_cave, minmay_temple_entry_sparse_star, uniq_duvessa,
          uniq_menkaure, uniq_ijyb
Temple:   jpeg_temple_clearing

Action                   || total
-------------------------++-------
Melee: Falchion          ||     1
 Abil: Hop               ||     1
  Use: Scroll            ||     3
       Potion            ||     1
Armor: Leather armour    ||     2
Dodge: Dodged            ||     5
       Rpst.: Falchion   ||     2

Table legend: (Time is in decaauts)
 A = Elapsed time spent in this place.
 B = Non-inter-level travel time spent in this place.
 C = Inter-level travel time spent in this place.
 D = Time resting spent in this place.
 E = Time spent auto-exploring this place.
 F = Levels seen in this place.
 G = Mean time per level.
                   A        B        C        D        E       F      G
               +--------+--------+--------+--------+--------+-----+--------+
         Total |    343 |    270 |     73 |    133 |     50 |   2 |  171.5 |
       Dungeon |     39 |     39 |      0 |      0 |      0 |   1 |   39.0 |
        Temple |    303 |    230 |     73 |    133 |     50 |   1 |  303.0 |
               +--------+--------+--------+--------+--------+-----+--------+

Top non-repeatable levels by time:
  Temple: 303 daAuts
     D:5: 39 daAuts
